 Dungeon Crawl Stone Soup version 0.31-a0-271-gb88eb75e06 (webtiles) character file.

Game seed: 6577479278664370621

242 shakesphere1979 the Shield-Bearer (level 5, -4/45 HPs)
             Began as a Draconian Wanderer on July 12, 2023.
             Slain by a gnoll sergeant
             ... wielding a +0 trident
              (6 damage)
             ... on level 4 of the Dungeon on July 14, 2023.
             The game lasted 00:27:15 (3107 turns).

shakesphere1979 the Shield-Bearer (DrWn)            Turns: 3107, Time: 00:27:15

Health: -4/45      AC:  7    Str: 16    XL:     5   Next: 82%
Magic:  1/7        EV: 11    Int: 16    God:
Gold:   167        SH:  4    Dex:  7    Spells: 3/7 levels left

rFire   . . .        a - +2 whip (elec)
rCold   . . .        s - +0 buckler
rNeg    . . .        (body armour unavailable)
rPois   .            (helmet restricted)
rElec   .            (no cloak)
rCorr   .            (no gloves)
SInv    +            u - +1 pair of boots
Will    .....        (no amulet)
Stlth   +            l - ring of see invisible
HPRegen 0.27/turn    (no ring)
MPRegen 0.10/turn

%: no passive effects
@: mighty, very slightly contaminated
A: AC +5, unfitting armour, cold-blooded
a: no special abilities


You were on level 4 of the Dungeon.
You visited 1 branch of the dungeon, and saw 4 of its levels.

You collected 167 gold pieces.

Inventory:

Hand Weapons
 a - a +2 whip of electrocution (weapon)
 b - a +0 arbalest
 g - a +0 club
Missiles
 h - 33 stones
 t - 13 poisoned darts
Armour
 s - a +0 buckler (worn)
 u - a +1 pair of boots (worn)
Magical Staves
 k - a staff of cold
Jewellery
 l - a ring of see invisible (left hand)
Scrolls
 p - 2 scrolls of poison
 r - a scroll of torment
Potions
 c - a potion of lignification
 d - a potion of mutation
 e - a potion of resistance {unknown}
 f - a potion of magic {unknown}
 i - a potion of might
 j - a potion of haste {unknown}
 o - a potion of brilliance {unknown}
 w - a potion of invisibility {unknown}
 x - a potion of attraction {unknown}


   Skills:
 - Level 3.5 Fighting
 - Level 1.2 Throwing
 - Level 2.8 Dodging
 - Level 4.2 Shields
 + Level 1.5 Spellcasting
 + Level 0.8 Summonings
 - Level 3.1 Air Magic


You had 3 spell levels left.
You knew the following spells:

 Your Spells              Type           Power      Damage    Failure   Level
a - Shock                 Conj/Air       24%        1d4       14%         1
b - Call Canine Familiar  Summ           4%         N/A       50%         3

Your spell library contained the following spells:

 Spells                   Type           Power      Damage    Failure   Level
 Summon Small Mammal      Summ           16%        N/A       19%         1
 Static Discharge         Conj/Air       12%        2-3/arc   22%         2
 Summon Guardian Golem    Hex/Summ       2%         N/A       56%         3
 Summon Lightning Spire   Summ/Air       7%         N/A       77%         4


Dungeon Overview and Level Annotations

Branches:
Dungeon (4/15)
 Temple: D:4-7

Altars:


Innate Abilities, Weirdness & Mutations

Your plain brown scales are hard. (AC +5)
You cannot fit into any form of body armour.
You are cold-blooded and may be slowed by cold attacks.


Message History

Confirm with . or Enter, or press ? or * to list all spells.
Aiming: Shock (safe; 14% risk of failure)
Press: ? - help, Shift-Dir - straight line The zap hits the gnoll sergeant.
The gnoll sergeant is moderately wounded.
The zap hits the gnoll.
The gnoll is moderately wounded.
The zap hits the gnoll.
The gnoll is heavily wounded.
The zap hits the gnoll sergeant.
The gnoll sergeant is moderately wounded.
The gnoll sergeant hits you from afar with a +0 trident.
Casting: Shock (safe; 14% risk of failure)
Confirm with . or Enter, or press ? or * to list all spells.
Aiming: Shock (safe; 14% risk of failure)
Press: ? - help, Shift-Dir - straight line The zap hits the gnoll sergeant.
The gnoll sergeant is heavily wounded.
The zap hits the gnoll but does no damage.
The gnoll is heavily wounded.
The zap hits the gnoll.
The gnoll is severely wounded.
The zap misses the gnoll sergeant.
The gnoll sergeant hits you from afar with a +0 trident.
Casting: Shock (safe; 14% risk of failure)
Confirm with . or Enter, or press ? or * to list all spells.
You don't have enough magic to cast this spell.
Okay, then.
You feel very mighty all of a sudden.
The gnoll sergeant hits you from afar with a +0 trident.
* * * LOW HITPOINT WARNING * * *
The gnoll misses you.
You see here a +0 whip.
The gnoll closely misses you.
The gnoll sergeant hits you with a +0 trident!
* * * LOW HITPOINT WARNING * * *
You whack the gnoll! Lightning courses through the gnoll!
You kill the gnoll!
The gnoll sergeant hits you with a +0 trident.
You die...

##..#####....##.########.#.......
#..####......#.########.#<######
#..........#.........††.#.#
#.#####...)..#..######..#.######
#.######.#...#..# #............#
#...............###.##..#.####.#
##.######.#....#.........#.## #.#
...# #>##.#.g)###.#......# #.#
##.# #. #.###@###.#......###.#
#.# #. #.# #)..#.#.##.......# #.#
#. #.# ###.#...##........ #.# #.#
#.#..###.#..#### ..# #.# #.#..#
#.#..# ### ##.#####.#..# #.#..#
........g...###.#..#
#.#.............#..#
#...####g#...####..#


You could see a gnoll sergeant.

Vanquished Creatures
  A scorpion (D:4)
  Terence (D:3)
  An orc wizard (D:4)
  2 adders
  3 gnolls (D:4)
  An ufetubus (D:4)
  A worm (D:2)
  3 dart slugs
  4 orcs
  7 ball pythons
  5 bats
  4 endoplasms
  5 giant cockroaches
  6 hobgoblins
  9 jackals
  4 kobolds
  5 quokkas
  2 frilled lizards
  4 goblins
  4 rats
72 creatures vanquished.

Notes
Turn   | Place    | Note
-------+----------+-------------------------------------------
     0 | D:1      | shakesphere1979 the Draconian Wanderer began the quest for
                  | the Orb.
     0 | D:1      | shakesphere1979 set off with the following items: a +0
                  | club, a +0 buckler, a potion of lignification, a potion of
                  | mutation; and the following spell memorised: Shock; and the
                  | following spells available to memorise: Static Discharge,
                  | Summon Lightning Spire.
     0 | D:1      | Reached XP level 1. HP: 16/16 MP: 2/2
   197 | D:1      | Reached XP level 2. HP: 18/23 MP: 3/3
  1012 | D:2      | Reached XP level 3. HP: 29/29 MP: 1/4
  1808 | D:3      | Reached XP level 4. HP: 37/37 MP: 5/5
  2288 | D:3      | Noticed Terence
  2297 | D:3      | Killed Terence
  2547 | D:3      | Upgraded the game from 0.31-a0-237-g2d982f9f85 to
                  | 0.31-a0-263-ge8cad7f256
  2547 | D:3      | Upgraded the game from 0.31-a0-263-ge8cad7f256 to
                  | 0.31-a0-271-gb88eb75e06
  2585 | D:4      | Learned a level 3 spell: Call Canine Familiar
  2602 | D:4      | Reached skill level 4 in Shields
  2602 | D:4      | Reached XP level 5. HP: 40/45 MP: 2/6
  3106 | D:4      | HP: 1/45 [gnoll sergeant/+0 trident (9)]
  3107 | D:4      | Slain by a gnoll sergeant

Illustrated notes

Levels and vault maps discovered:
D:1:      psy_arrival_dodecagon, layout_basic, dk_noncrumbling_2
D:2:      layout_basic, serial_glass, glass_columns_a, glass_columns_a,
          glass_columns_b, glass_columns_b, glass_columns_a, glass_columns_a,
          glass_columns_a, glass_columns_a, kennysheep_generic_room_10
D:3:      layout_basic, kennysheep_crisscross, uniq_terence
D:4:      layout_loops_ring, nicolae_grassy_gnolls

Skill      XL: |  1  2  3  4 |
---------------+-------------+-----
Fighting       | 2 3 |  3.5
Dodging        | 2 |  2.8
Shields        | 4 |  4.2
Throwing       | |  1.2
Spellcasting   | |  1.5
Summonings     | |  0.8
Air Magic      | |  3.1

Action                     |  1- 3 |  4- 6 || total
---------------------------+-------+-------++-------
  Melee: Whip              |   125 |    74 ||   199
         Tailslap          |    11 |     4 ||    15
   Cast: Shock             |     5 |    16 ||    21
    Use: Scroll            |     2 |     5 ||     7
         Potion            |       |     1 ||     1
 Armour: Skin              |    50 |    31 ||    81
  Dodge: Dodged            |    71 |    46 ||   117
  Block: Buckler           |    21 |    20 ||    41

Table legend: (Time is in decaauts)
 A = Elapsed time spent in this place.
 B = Non-inter-level travel time spent in this place.
 C = Inter-level travel time spent in this place.
 D = Time resting spent in this place.
 E = Time spent auto-exploring this place.
 F = Levels seen in this place.
 G = Mean time per level.
                   A        B        C        D        E       F      G
               +--------+--------+--------+--------+--------+-----+--------+
         Total |   3133 |   3075 |     58 |      0 |   2250 |   4 |  783.2 |
       Dungeon |   3133 |   3075 |     58 |      0 |   2250 |   4 |  783.2 |
               +--------+--------+--------+--------+--------+-----+--------+

Top non-repeatable levels by time:
     D:1: 1013 daAuts
     D:3: 858 daAuts
     D:2: 725 daAuts
     D:4: 536 daAuts
